AoeStats
← Sr.Piquete

Arena

508787629Analyzed
1v1 RM · 7d ago on Sep 24, 2026· 53m 35s· 2 players
Game mode
Random Map
Map size
Tiny (2 player)
Population
200
Speed
Normal
Resources
Standard
Victory
Conquest
Starting age
Dark Age
Ending age
Imperial Age
RankedLock teamsTeams togetherTeam positionsShared explorationLock speedFull tech treeHidden civsTurbo modeCheats
Victory
Defeat
🇨🇱 Saxons · Chile
1226
+17
🇺🇸 Slavs · United States
1252
-17
Sr.Piquete
11:22 Feudal Age
12:31 Loom
12:34 Double-Bit Axe
12:45 Horse Collar
15:54 Castle Age
16:05 Scale Mail Armor
20:47 Chain Mail Armor
30:25 Imperial Age
28:56 Forging
28:35 Arson
29:43 Squires
31:20 Pikeman
36:19 Gambesons
36:46 Halberdier
39:12 Wheelbarrow
39:15 Heavy Plow
44:16 Conscription
46:49 Chemistry
47:17 Plate Mail Armor
50:19 Capped Ram
51:47 Iron Casting
HouseHunter5266
12:13 Feudal Age
16:15 Castle Age
14:13 Double-Bit Axe
16:44 Light Cavalry
22:40 Fletching
26:38 Loom
30:03 Imperial Age
28:53 Scale Barding Armor
29:13 Horse Collar
33:00 Chain Barding Armor
33:31 Hussar
37:01 Bloodlines
38:42 Forging
41:05 Detinets
42:47 Iron Casting
43:21 Bodkin Arrow
45:36 Bow Saw
50:33 Gold Mining
51:18 Heavy Scorpion
Connection lost

Rejoining the realm…

Still unreachable

The connection could not be restored.

Session expired

The server has moved on; the page needs a fresh start.